 Dungeon Crawl Stone Soup version 0.17.0-28-g6e173f8 (webtiles) character file.

365109 Peloso the Hoplite (level 21, -3/198 HPs)
             Began as a Minotaur Fighter on Dec 2, 2015.
             Was the Champion of Okawaru.
             Splashed by an acid blob's acid (7 damage)
             ... created by the royal jelly
             ... on level 6 of the Pits of Slime on Dec 3, 2015.
             The game lasted 04:19:27 (53957 turns).

Peloso the Hoplite (Minotaur Fighter)              Turns: 53957, Time: 04:19:29

Health: -3/198     AC: 33    Str: 36      XL:     21   Next: 57%
Magic:  14/15      EV: 21    Int:  3      God:    Okawaru [******]
Gold:   5936       SH: 12    Dex: 18 (19) Spells: 0 memorised, 20 levels left

rFire  + . .     SeeInvis +     K - +11 demon blade "Kurusm" {freeze, rPois Str+3}
rCold  + . .     Rnd*Rage +     l - +15 Maxwell's patent armour {-Cast -Tele rElec MR+ rCorr}
rNeg   + + .     SustAt   .     v - +1 buckler {AC+3}
rPois  +         Gourm    .     B - +1 hat {MR+}
rElec  +         Spirit   .     c - +2 cloak {rPois}
rCorr  +         Warding  +     J - +2 pair of gloves {Str+3}
rMut   .         NoTele   +     b - +0 pair of boots of Ketaarph {rCorr Dex+3}
MR     +++..     NoCast   +     W - amulet of Cekugob {Ward -Tele rElec rPois rN++ AC+1 EV+1}
Stlth  ..........               L - ring of see invisible
                                Q - +4 ring of dexterity

@: mighty, resistant, heroism, corroded equipment, extremely resistant to
hostile enchantments, extremely unstealthy
A: retaliatory headbutt, horns 2, berserk 1, clumsy 1, deterioration 2, dopey 1,
low mp 3, sense surroundings 1, weak 1, subdued magic 2
a: Heroism, Finesse, Renounce Religion
}: 2/15 runes: barnacled, gossamer


You were on level 6 of the Pits of Slime.
You worshipped Okawaru.
Okawaru was exalted by your worship.
You were not hungry.

You visited 8 branches of the dungeon, and saw 45 of its levels.
You visited the Abyss 1 time.
You also visited: Trove, Ice Cave and Volcano.

You collected 6978 gold pieces.
You spent 1042 gold pieces at shops.

Inventory:

Hand Weapons
 K - the +11 demon blade "Kurusm" (weapon) {freeze, rPois Str+3}
   (Okawaru gifted it to you on level 8 of the Lair of Beasts)

   It has been specially enchanted to freeze those struck by it, causing extra
   injury to most foes and up to half again as much damage against particularly
   susceptible opponents.
   It can also slow down cold-blooded creatures.
   It affects your strength (+3).
   It protects you from poison.
 U - the +4 demon blade "Ceahop Usupn" {flame, +Rage rElec rN+ Str+2}
   (Okawaru gifted it to you on level 13 of the Dungeon)

   It has been specially enchanted to burn those struck by it, causing extra
   injury to most foes and up to half again as much damage against particularly
   susceptible opponents.
   Big, fiery blades are also staple armaments of hydra-hunters.
   It affects your strength (+2).
   It insulates you from electricity.
   It protects you from negative energy.
   It lets you go berserk.
Armour
 b - the +0 pair of boots of Ketaarph (worn) {rCorr Dex+3}
   (Okawaru gifted it to you on level 3 of the Pits of Slime)

   It affects your dexterity (+3).
   It protects you from acid and corrosion.
 c - a +2 cloak of poison resistance (worn)
 h - the +8 plate armour of the Swamp {Str+5 Int+7}
   (You bought it in a shop on level 4 of the Orcish Mines)

   It affects your strength (+5).
   It affects your intelligence (+7).
 l - the +15 Maxwell's patent armour (worn) {-Cast -Tele rElec MR+ rCorr}
   (You acquired it on level 1 of the Elven Halls)

   It insulates you from electricity.
   It affects your resistance to hostile enchantments.
   It prevents spellcasting.
   It prevents most forms of teleportation.
   It protects you from acid and corrosion.
 v - a +1 buckler of protection (worn)
 B - a +1 hat of magic resistance (worn)
 H - the +2 shield of Pride {-Cast rElec rN+++ Str+2}
   (You found it on level 8 of the Lair of Beasts)

   It affects your strength (+2).
   It insulates you from electricity.
   It renders you almost immune to negative energy.
   It prevents spellcasting.
 J - a +2 pair of gloves of strength (worn)
 Y - a +0 pair of boots of flying
Jewellery
 L - a ring of see invisible (right hand)
 Q - a +4 ring of dexterity (left hand)
 W - the amulet of Cekugob (around neck) {Ward -Tele rElec rPois rN++ AC+1 EV+1}
   (You took it off a deep elf demonologist on level 3 of the Elven Halls)

   [amulet of warding]

   It may prevent the melee attacks of summoned creatures.
   It affects your AC (+1).
   It affects your evasion (+1).
   It insulates you from electricity.
   It protects you from poison.
   It greatly protects you from negative energy.
   It prevents most forms of teleportation.
Wands
 i - a wand of digging (6)
 m - a wand of paralysis (7)
 t - a wand of hasting (3)
Scrolls
 a - 2 scrolls of silence
 j - 17 scrolls of remove curse
 k - a scroll of enchant armour
 w - 3 scrolls of holy word
 x - 4 scrolls of recharging
 D - a scroll of summoning
 E - a scroll of enchant weapon
 M - 9 scrolls of identify
 R - 10 scrolls of teleportation
 S - 4 scrolls of fog
 V - 5 scrolls of fear
 Z - a scroll of magic mapping
Potions
 d - 7 potions of might
 o - 2 potions of cure mutation
 r - a potion of magic
 s - 3 potions of invisibility
 u - 3 potions of brilliance
 F - 13 potions of curing
 P - a potion of resistance
Comestibles
 e - 17 bread rations
 g - 10 meat rations
 I - 21 fruits


   Skills:
 + Level 19.1(24.1) Fighting
 + Level 24.1(27) Long Blades
 + Level 16.0(21.0) Armour
 + Level 10.4(15.4) Dodging
 + Level 3.2(8.2) Stealth
 + Level 24.9(27) Shields
 + Level 2.9 Invocations
 + Level 0.1 Evocations


You had 20 spell levels left.
You didn't know any spells.

Dungeon Overview and Level Annotations

Branches:
Dungeon (15/15)            Temple (1/1) D:7            Lair (8/8) D:8
 Shoals (4/4) Lair:3       Spider (4/4) Lair:6        Slime (6/6) Lair:8
    Orc (4/4) D:12            Elf (3/3) Orc:3        Vaults (0/5) D:14
 Depths (0/5) D:15

Altars:
Ashenzari
Cheibriados
Dithmenos
Elyvilon
Fedhas
Gozag
Kikubaaqudgha
Makhleb
Nemelex Xobeh
Okawaru
Qazlal
Ru
Sif Muna
Trog
Vehumet
Xom
Yredelemnul
Zin
Beogh
Jiyva

Shops:
D:7 *   D:13 *   Orc:3 !   Orc:4 ([*:   Elf:2 (   Elf:3 =   Shoals:4 *

Annotations:
Slime:6 Royal Jelly


Innate Abilities, Weirdness & Mutations

You reflexively headbutt those who attack you in melee.
You have a pair of horns on your head.
You tend to lose your temper in combat.
You are clumsy. (Dex -2)
Your body often deteriorates upon taking damage.
You are dopey. (Int -2)
Your magical capacity is extremely low (-30% MP).
You passively map a small area around you.
You are weak. (Str -2)
Your spells are easier to cast, but less powerful.


Message History

As you read the scroll of fear, it crumbles to dust.
You assume a fearsome visage.
The azure jelly looks frightened!
The acid blob looks frightened!
The acid blob resists with almost no effort.
The acid blob resists with some effort.
The royal jelly resists with almost no effort.
The acid blob resists with almost no effort.
The death ooze is unaffected.
The acid blob resists with almost no effort.
The azure jelly resists with some effort.
The acid blob easily resists.
The azure jelly resists with almost no effort.
The death ooze is unaffected.
The acid blob resists with almost no effort.
The death ooze is unaffected.
The acid blob resists with almost no effort.
The azure jelly resists with some effort.
The acid blob spits acid at you. The splash of acid hits you!
The acid corrodes you!
The acid burns!
You resist.
You die...

.....................#
#..# ##
....................##
##.#
..................###
,,* ,.# ,,,
..................# , ,
## ..................#
* , ..................#
* *
..............JJJ####*
, ..............JJJJJJ#
* , ,
..............JJ@##G.J#
..............JJJJ# ###
................J.# *
#................## , ,
.................##* ,
, ##.................#
#.................## ,
#.#................##*
*#. *,##
#.#..................#
##.#####.


You could see the royal jelly, 8 acid blobs, 4 azure jellies and 3 death oozes.

Vanquished Creatures
  Mara (Spider:3)
  Nikola (Shoals:4)
  Arachne (Spider:4)
  Rupert (Orc:4)
  3 deep elf blademasters
  24 acid blobs
  2 deep elf master archers (Elf:3)
  Polyphemus (Shoals:3)
  5 tentacled starspawn (Abyss:1)
  A kraken (Shoals:4)
  Gastronok (D:8)
  The ghost of DeXoteric the Scorcher, an adept DECj of Sif Muna (Shoals:4)
  Roxanne (Shoals:3)
  A revenant (Abyss:1)
  Ilsuiw (Shoals:4)
  4 deep elf sorcerers (Elf:3)
  Donald (Elf:1)
  10 azure jellies
  Maud (Orc:3)
  The ghost of srt19170 the Severer, a journeyman MiBe of Trog (Spider:2)
  The ghost of Dickchan the Gargoyle Aeon, an adept GrFi of Cheibriados (Shoals:1)
  5 ghost moths
  An orc warlord (Orc:4)
  7 emperor scorpions
  3 very ugly things (Abyss:1)
  A reaper (Abyss:1)
  7 deep elf demonologists (Elf:3)
  7 deep elf annihilators (Elf:3)
  5 deep elf death magi (Elf:3)
  6 merfolk javelineers
  Snorg (Lair:8)
  A blizzard demon (Abyss:1)
  A fire dragon (D:15)
  A yaktaur captain (D:14)
  A green death (Abyss:1)
  7 merfolk impalers
  A rakshasa (Abyss:1)
  Josephine (D:10)
  2 death oozes
  4 great orbs of eyes
  4 deep elf high priests (Elf:3)
  4 vault guards (D:14)
  The ghost of PossumBlood the Blocker, a journeyman MiFi of Okawaru (Orc:4)
  Fannar (D:11)
  A catoblepas (Shoals:3)
  6 hydras
  5 entropy weavers
  4 centaur warriors
  Erica (D:10)
  2 alligator snapping turtles
  5 merfolk aquamancers
  5 merfolk avatars
  13 dancing weapons (Elf:2)
  10 death yaks
  A satyr (Shoals:3)
  2 tengu warriors
  4 thrashing horrors (Abyss:1)
  Urug (Orc:3)
  An orc high priest (Orc:4)
  17 deep elf knights
  13 small abominations
  Nergalle (D:11)
  The ghost of paplaukes the Reanimator, a novice DsNe of Nemelex Xobeh (D:10)
  A shadow wraith (Abyss:1)
  A sun demon (Abyss:1)
  2 wretched stars (Abyss:1)
  2 vampire magi
  A spatial maelstrom (Abyss:1)
  A deep troll (shapeshifter) (D:14)
  A storm dragon skeleton (Abyss:1)
  2 skeletal warriors (D:15)
  8 deep elf summoners
  An ice devil (Abyss:1)
  2 unseen horrors
  9 sea snakes
  3 orc knights (Orc:4)
  2 orange crystal statues (D:14)
  A giant orange brain (Slime:4)
  10 hill giants
  A tengu zombie (D:15)
  An oklob plant (Lair:6)
  7 cyclopes
  A lindwurm (Volcano)
  18 wolf spiders
  10 wolf spider zombies (Spider:1)
  10 griffons
  19 harpies
  2 necromancers
  13 deep elf conjurers
  A wizard (D:15)
  4 orc sorcerers (Orc:4)
  13 orb spiders
  A worldbinder (Abyss:1)
  12 manticores
  A fire giant zombie (Abyss:1)
  4 hornets
  14 fauns
  6 ugly things
  8 shining eyes
  16 elephants
  166 slime creatures
  10 water nymphs
  A sixfirhy (Abyss:1)
  10 sirens
  2 moths of wrath
  5 black mambas
  A rust devil (Abyss:1)
  A molten gargoyle (Volcano)
  2 ice statues (IceCv)
  4 smoke demons (Abyss:1)
  Psyche (D:11)
  2 torpor snails
  5 gargoyles
  3 eyes of devastation (Slime:3)
  16 spiny frogs
  9 komodo dragons
  3 fire drakes
  An efreet (D:14)
  2 kobold demonologists
  A yaktaur (shapeshifter) (D:15)
  3 hellwings (Abyss:1)
  13 demonic crawlers
  2 redback zombies
  A spriggan druid (Lair:8)
  2 two-headed ogres
  A jumping spider (shapeshifter) (D:13)
  2 tormentors (Abyss:1)
  A spriggan skeleton (D:15)
  2 ancient zymes (Abyss:1)
  27 merfolk
  4 deep elf priests
  5 polar bears (Lair:8)
  5 trolls
  A giant leech (shapeshifter) (Elf:3)
  13 raiju (Abyss:1)
  2 wind drakes
  Prince Ribbit (D:9)
  2 ettin zombies (D:15)
  A hornet zombie (D:15)
  A centaur simulacrum (D:14)
  12 tarantella zombies (Spider:1)
  3 boulder beetles (Elf:3)
  12 spriggans (Lair:8)
  24 jumping spiders
  8 large abominations (Abyss:1)
  14 tarantellas
  Sigmund (D:6)
  12 trapdoor spiders
  12 blink frogs
  6 ynoxinuls (Abyss:1)
  5 snapping turtles
  35 redbacks
  27 deep elf magi
  17 water elementals
  6 wyverns
  4 wraiths (D:10)
  A tarantella (shapeshifter) (Abyss:1)
  2 neqoxecs (Abyss:1)
  12 hippogriffs
  66 yaks
  2 vampire mosquitoes (D:14)
  3 fire elementals (Volcano)
  5 hungry ghosts
  22 deep elf fighters
  3 basilisks
  A spatial vortex (Abyss:1)
  2 soldier ants (D:12)
  Edmund (D:6)
  4 wargs
  25 wolves
  6 porcupines
  A warg (shapeshifter) (Elf:2)
  A swamp drake (D:12)
  Duvessa (D:6)
  22 ice beasts
  5 sky beasts
  14 water moccasins
  4 wasps
  29 orc warriors
  28 spiders
  7 black bears
  A phantom (D:6)
  19 crocodiles
  15 ogres
  11 centaurs
  13 eyes of draining
  17 giant frogs
  9 spider zombies (Spider:1)
  A gnoll sergeant (D:9)
  Dowan (D:6)
  A wyvern zombie (D:14)
  2 wyvern skeletons
  2 water moccasin zombies
  A water moccasin skeleton (D:11)
  28 killer bees
  6 scorpions
  10 wights
  4 electric eels
  2 oklob saplings (D:10)
  40 jellies
  9 crimson imps
  4 centaur zombies
  The ghost of Musteatbrain the Digger, a weakling GrEE (D:4)
  2 giant frog zombies
  6 quasits
  8 hounds
  6 centaur skeletons
  A gnoll shaman (D:6)
  24 orc priests
  12 iguanas
  3 giant frog skeletons
  2 iron imps (Abyss:1)
  42 orc wizards
  9 worker ants
  A killer bee zombie (D:8)
  45 sheep
  A hound skeleton (D:6)
  A hound zombie (D:11)
  A mummy (D:7)
  A worker ant zombie (D:9)
  19 adders
  12 gnolls
  52 river rats
  3 shadow imps
  5 oozes
  2 adder zombies
  6 worms
  An adder skeleton (D:6)
  10 giant geckos
  183 orcs
  3 giant cockroaches
  6 goblins
  13 hobgoblins
  21 jackals
  8 quokkas
  8 ball pythons
  21 bats
  7 giant newts
  2 jackal skeletons
  7 kobolds
  20 rats
  A bush (Lair:6)
  A butterfly (Lair:3)
  2 crawling corpses (Elf:3)
  4 fire vortices (Volcano)
  4 plants
  A starspawn tentacle (Abyss:1)
2020 creatures vanquished.

Vanquished Creatures (others)
  A satyr (Shoals:3)
  A deep elf knight (Elf:2)
  2 orb spiders
  A centaur skeleton (D:10)
  2 deep elf priests (Elf:2)
  A tarantella (Spider:4)
  A neqoxec (Abyss:1)
  2 deep elf fighters
  A centaur (Shoals:4)
  An orc priest (Orc:4)
  2 orcs (D:12)
  A bush (Lair:6)
  12 fungi
  10 plants
  20 starspawn tentacles (Abyss:1)
  200 starspawn tentacle segments (Abyss:1)
  4 tentacles (Shoals:4)
  9 tentacle segments (Shoals:4)
271 creatures vanquished.

Grand Total: 2291 creatures vanquished

Notes
Turn   | Place    | Note
--------------------------------------------------------------
     0 | D:1      | Peloso the Minotaur Fighter began the quest for the Orb.
     0 | D:1      | Reached XP level 1. HP: 19/19 MP: 0/0
   257 | D:1      | Reached XP level 2. HP: 22/27 MP: 1/1
   340 | D:1      | Reached skill level 4 in Fighting
   894 | D:2      | Reached XP level 3. HP: 30/33 MP: 2/2
  1525 | D:2      | Found a glowing silver altar of Zin.
  1533 | D:2      | Reached XP level 4. HP: 40/40 MP: 3/3
  1558 | D:2      | Found a shattered altar of Ashenzari.
  2128 | D:3      | Reached skill level 1 in Dodging
  2490 | D:4      | Noticed a centaur
  2500 | D:4      | Reached XP level 5. HP: 33/47 MP: 4/4
  2501 | D:4      | Reached skill level 5 in Armour
  2800 | D:4      | Killed a centaur
  2800 | D:4      | Reached skill level 5 in Shields
  2879 | D:4      | Noticed an ogre
  2926 | D:4      | Reached XP level 6. HP: 21/53 MP: 5/5
  3211 | D:4      | Got a spiked large shield
  3222 | D:4      | Identified the +6 large shield "Ciosiff" {+Blink rN+ Regen+} (You found it on level 4 of the Dungeon)
  3236 | D:4      | Noticed an ogre
  3239 | D:4      | Noticed Musteatbrain's ghost (weakling GrEE)
  3240 | D:4      | Killed an ogre
  3251 | D:4      | Killed Musteatbrain's ghost
  3464 | D:4      | Reached skill level 6 in Armour
  3477 | D:4      | Reached XP level 7. HP: 60/60 MP: 6/6
  3510 | D:4      | Reached skill level 5 in Fighting
  4205 | D:5      | Entered Level 5 of the Dungeon
  4245 | D:5      | Killed an ogre
  4454 | D:5      | Reached skill level 7 in Shields
  4520 | D:5      | Reached XP level 8. HP: 69/69 MP: 7/7
  4792 | D:5      | Found an opulent altar of Gozag.
  4792 | D:5      | Found a sparkling altar of Nemelex Xobeh.
  5067 | D:6      | Noticed Duvessa
  5067 | D:6      | Noticed Dowan
  5087 | D:6      | Reached skill level 5 in Long Blades
  5183 | D:6      | Killed Duvessa
  5206 | D:6      | Killed Dowan
  5206 | D:6      | Reached skill level 8 in Shields
  5290 | D:6      | Noticed Sigmund
  5371 | D:6      | Killed Sigmund
  5371 | D:6      | Reached skill level 5 in Dodging
  5666 | D:6      | Noticed Edmund
  5697 | D:6      | Killed Edmund
  5697 | D:6      | Reached XP level 9. HP: 72/77 MP: 8/8
  6056 | D:7      | Found Qemainea's Assorted Antiques.
  6074 | D:7      | Reached skill level 9 in Shields
  6198 | D:7      | Found a staircase to the Ecumenical Temple.
  6202 | Temple   | Entered the Ecumenical Temple
  6213 | Temple   | Became a worshipper of Warmaster Okawaru
  6526 | D:7      | Found a sparkling altar of Nemelex Xobeh.
  6787 | D:7      | Got a wavering bronze ring
  6788 | D:7      | Identified the cursed ring of Huquweco {rC+ Str-5 Dex-3 SInv Stlth+} (You found it on level 7 of the Dungeon)
  7024 | D:8      | Reached * piety under Okawaru
  7024 | D:8      | Reached skill level 10 in Shields
  7035 | D:8      | Noticed Gastronok
  7167 | D:8      | Killed Gastronok
  7167 | D:8      | Reached ** piety under Okawaru
  7167 | D:8      | Reached skill level 11 in Shields
  7167 | D:8      | Reached XP level 10. HP: 82/86 MP: 9/9
  7409 | D:8      | Found a staircase to the Lair.
  7431 | D:8      | Reached *** piety under Okawaru
  7479 | D:8      | Identified the Papyrus of Icy Confrontation
  7896 | D:9      | Found a stormy altar of Qazlal.
  7934 | D:9      | Noticed Prince Ribbit
  7981 | D:9      | Killed Prince Ribbit
  7981 | D:9      | Reached skill level 12 in Shields
  8308 | D:9      | Reached **** piety under Okawaru
  8313 | D:9      | Noticed a centaur warrior
  8324 | D:9      | Killed a centaur warrior
  8350 | D:9      | Found a burning altar of Makhleb.
  8393 | D:9      | Reached ***** piety under Okawaru
  8400 | D:9      | Reached XP level 11. HP: 94/94 MP: 10/10
  8498 | D:9      | Found a basalt altar of Yredelemnul.
  8766 | D:9      | Reached skill level 13 in Shields
  8799 | D:10     | Entered Level 10 of the Dungeon
  8960 | D:10     | Noticed a hill giant
  8991 | D:10     | Killed a hill giant
  9020 | D:10     | Received a gift from Okawaru
  9247 | D:10     | Noticed Josephine
  9285 | D:10     | Killed Josephine
  9306 | D:10     | Noticed paplaukes's ghost (novice DsNe)
  9349 | D:10     | Reached skill level 14 in Shields
  9380 | D:10     | Killed paplaukes's ghost
  9418 | D:10     | Noticed Erica
  9442 | D:10     | Killed Erica
  9458 | D:10     | Reached skill level 10 in Long Blades
  9480 | D:10     | Reached skill level 1 in Stealth
  9731 | D:10     | Found a blossoming altar of Fedhas.
 10347 | D:11     | Noticed Nergalle
 10401 | D:11     | Killed Nergalle
 10401 | D:11     | Reached XP level 12. HP: 71/104 MP: 11/11
 10530 | D:11     | Noticed a hill giant
 10537 | D:11     | Killed a hill giant
 10537 | D:11     | Reached skill level 15 in Shields
 10632 | D:11     | Noticed Psyche
 10640 | D:11     | Killed Psyche
 10775 | D:11     | Noticed Fannar
 10803 | D:11     | Killed Fannar
 10910 | D:12     | Reached skill level 1 in Invocations
 11159 | D:12     | Found a frozen archway.
 11184 | IceCv    | Entered an ice cave
 11271 | IceCv    | Reached skill level 16 in Shields
 11283 | IceCv    | Reached skill level 10 in Fighting
 11329 | IceCv    | Got a steaming scimitar
 11330 | IceCv    | Identified the +7 scimitar of Pegir {antimagic, Str+2} (You found it in an ice cave)
 11603 | D:12     | Found a staircase to the Orcish Mines.
 11625 | D:12     | Reached ****** piety under Okawaru
 11897 | D:12     | Noticed a five-headed hydra
 11905 | D:12     | Killed a one-headed hydra
 12143 | D:13     | Reached XP level 13. HP: 113/113 MP: 4/13
 12612 | D:13     | Found Ope Runu's General Store.
 12655 | D:13     | Received a gift from Okawaru
 12666 | D:13     | Got a faintly glowing demon blade {god gift}
 12667 | D:13     | Identified the +4 demon blade "Ceahop Usupn" {flame, +Rage rElec rN+ Str+2} (Okawaru gifted it to you on level 13 of the Dungeon)
 13131 | D:14     | Found a shimmering altar of Xom.
 13374 | D:14     | Reached skill level 17 in Shields
 13395 | D:14     | Received a gift from Okawaru
 13457 | D:14     | Found a gate to the Vaults.
 13463 | D:14     | Reached skill level 10 in Armour
 14044 | D:14     | Got a blackened dagger
 14048 | D:14     | Identified the +4 dagger of the Fifty Places {pierce, rF++} (You found it on level 14 of the Dungeon)
 14962 | D:10     | Noticed a hill giant
 14966 | D:10     | Killed a hill giant
 14966 | D:10     | Reached XP level 14. HP: 124/124 MP: 14/14
 15068 | D:10     | Identified the Papyrus of Nature
 15623 | Orc:1    | Entered Level 1 of the Orcish Mines
 16068 | Orc:1    | Found a bloodstained altar of Trog.
 16484 | Orc:2    | Received a gift from Okawaru
 16496 | Orc:2    | Reached skill level 18 in Shields
 16508 | Orc:2    | Got a pair of pitted boots {god gift}
 16521 | Orc:2    | Identified the +0 pair of boots of Foso {rPois} (Okawaru gifted it to you on level 2 of the Orcish Mines)
 16573 | Orc:2    | Found a shimmering altar of Xom.
 16901 | Orc:3    | Found Bosm's Distillery.
 17136 | Orc:3    | Noticed Urug
 17136 | Orc:3    | Noticed Maud
 17156 | Orc:3    | Killed Maud
 17160 | Orc:3    | Killed Urug
 17308 | Orc:3    | Found a staircase to the Elven Halls.
 17348 | Orc:4    | Entered Level 4 of the Orcish Mines
 17357 | Orc:4    | Noticed PossumBlood's ghost (journeyman MiFi)
 17379 | Orc:4    | Killed PossumBlood's ghost
 17439 | Orc:4    | Found a dark tunnel.
 17446 | Volcano  | Entered a volcano
 17719 | Orc:4    | Noticed Rupert
 17734 | Orc:4    | Killed Rupert
 17859 | Orc:4    | Found a roughly hewn altar of Beogh.
 18210 | Orc:4    | Noticed an orc warlord
 18226 | Orc:4    | Killed an orc warlord
 18268 | Orc:4    | Found a roughly hewn altar of Beogh.
 18460 | Orc:4    | Found Obriblig's Book Shoppe.
 18476 | Orc:4    | Found Jywkorar's Antique Armour Shoppe.
 18484 | Orc:4    | Bought a spiked plate armour for 952 gold pieces
 18549 | Orc:4    | Identified the +8 plate armour of the Swamp {Str+5 Int+7} (You bought it in a shop on level 4 of the Orcish Mines)
 18559 | Orc:4    | Found Pukhuext's General Store.
 18775 | Orc:4    | Found Immit's Antique Weapon Shoppe.
 18788 | Orc:4    | Bought a scroll of silence for 90 gold pieces
 19579 | Lair:1   | Entered Level 1 of the Lair of Beasts
 19906 | Lair:1   | Received a gift from Okawaru
 20445 | Lair:2   | Reached skill level 19 in Shields
 21243 | Lair:3   | Reached skill level 15 in Long Blades
 21479 | Lair:3   | Found a staircase to the Shoals.
 21497 | Lair:3   | Reached XP level 15. HP: 120/134 MP: 15/15
 23146 | Lair:6   | Received a gift from Okawaru
 23253 | Lair:6   | Found a hole to the Spider Nest.
 24055 | Lair:7   | Found a shimmering altar of Xom.
 24086 | Lair:7   | You are sucked into a shaft!
 24086 | Lair:8   | Entered Level 8 of the Lair of Beasts
 24182 | Lair:8   | Reached skill level 20 in Shields
 24429 | Lair:8   | Got an encrusted shield
 24440 | Lair:8   | Identified the +2 shield of Pride {-Cast rElec rN+++ Str+2} (You found it on level 8 of the Lair of Beasts)
 24578 | Lair:8   | Noticed Snorg
 24587 | Lair:8   | Killed Snorg
 24742 | Lair:8   | Received a gift from Okawaru
 24753 | Lair:8   | Got an ancient demon blade {god gift}
 24754 | Lair:8   | Identified the +11 demon blade "Kurusm" {freeze, rPois Str+3} (Okawaru gifted it to you on level 8 of the Lair of Beasts)
 24963 | Lair:8   | Found a runed door.
 24967 | Lair:8   | Found a viscous altar of Jiyva.
 24969 | Lair:8   | Found a staircase to the Slime Pits.
 25600 | Lair:7   | Reached XP level 16. HP: 102/145 MP: 16/16
 25760 | Lair:7   | Received a gift from Okawaru
 26890 | D:15     | Entered Level 15 of the Dungeon
 27002 | D:15     | Found an iron altar of Okawaru.
 27095 | D:15     | Found a staircase to the Depths.
 28161 | Spider:1 | Entered Level 1 of the Spider Nest
 28266 | Spider:1 | Reached skill level 21 in Shields
 28383 | Spider:2 | Noticed srt19170's ghost (journeyman MiBe)
 28566 | Spider:2 | Killed srt19170's ghost
 28914 | Spider:2 | Received a gift from Okawaru
 29962 | Spider:4 | Entered Level 4 of the Spider Nest
 30046 | Spider:4 | Received a gift from Okawaru
 30050 | Spider:4 | Got a scorched shield {god gift}
 30108 | Spider:3 | Identified the -2 shield of Supe {rPois rCorr Int-2 Stlth+} (Okawaru gifted it to you on level 4 of the Spider Nest)
 30476 | Spider:4 | Reached XP level 17. HP: 132/154 MP: 17/17
 30504 | Spider:4 | Noticed Arachne
 30844 | Spider:4 | Killed Arachne
 31283 | Spider:4 | Reached skill level 15 in Fighting
 31726 | Spider:4 | Noticed Mara
 31743 | Spider:4 | Noticed Peloso's illusion
 32108 | Spider:4 | Noticed Peloso's illusion
 32139 | Spider:3 | Killed Mara
 32139 | Spider:3 | Received a gift from Okawaru
 32139 | Spider:3 | Reached skill level 22 in Shields
 32143 | Spider:3 | Got a pair of warped boots {god gift}
 32269 | Spider:3 | Identified the +0 pair of boots "Raich" {rPois rN++} (Okawaru gifted it to you on level 3 of the Spider Nest)
 32881 | Spider:4 | Gained mutation: You passively map a small area around you. [potion of beneficial mutation]
 32882 | Spider:4 | Identified 2 scrolls of acquirement
 32886 | Spider:4 | Got a jade-encrusted plate armour
 32899 | Spider:4 | Identified the +0 plate armour of Baldness {rF+ Stlth+} (You acquired it on level 4 of the Spider Nest)
 33129 | Spider:4 | Got a gossamer rune of Zot
 33946 | D:12     | Noticed a centaur warrior
 33952 | D:12     | Killed a centaur warrior
 34034 | Elf:1    | Entered Level 1 of the Elven Halls
 34359 | Elf:1    | Noticed Donald
 34379 | Elf:1    | Killed Donald
 34877 | Elf:1    | You are sucked into a shaft!
 35040 | Elf:2    | Received a gift from Okawaru
 35075 | Elf:2    | Identified a +0 pair of boots of running (Okawaru gifted it to you on level 2 of the Elven Halls)
 35355 | Elf:2    | Reached XP level 18. HP: 151/166 MP: 6/18
 35367 | Elf:2    | Found Yculor's Antique Weapon Emporium.
 35456 | Elf:2    | Found a runed gate.
 35460 | Elf:2    | Found a runed gate.
 35462 | Elf:2    | Found a runed gate.
 35509 | Elf:2    | Found a portal to a secret trove of treasure.
 37607 | Elf:2    | You paid a toll of a +3 gold dragon armour to enter a treasure trove
 37608 | Trove    | Entered a treasure trove
 37624 | Trove    | Got a smoking pewter amulet
 37626 | Trove    | Identified the amulet "Jituog" {Clar *Drain Int+4} (You found it in a treasure trove)
 37726 | Elf:3    | Entered Level 3 of the Elven Halls
 38267 | Elf:3    | Found Iplarghoc's Jewellery Shoppe.
 38476 | Elf:3    | Reached skill level 23 in Shields
 39488 | Elf:3    | Received a gift from Okawaru
 40200 | Elf:3    | Got a bone dagger {holy}
 40381 | Elf:3    | Identified the +9 dagger "Cifyfugh" {holy, rC+ Str-2 Int+2} (You took it off a deep elf sorcerer on level 3 of the Elven Halls)
 40427 | Elf:3    | Identified Sif Muna's Grimoire of Conjuration and the Glacier
 40453 | Elf:3    | Identified the Reference Book on the Escort
 40507 | Elf:3    | Identified the Incunabulum of Poisonous Changing
 40519 | Elf:3    | Got a transparent hand crossbow
 40520 | Elf:3    | Identified the +7 hand crossbow of Sunlight {freeze, rC+ MP+9 Dex+5} (You found it on level 3 of the Elven Halls)
 41396 | Shoals:1 | Entered Level 1 of the Shoals
 41612 | Shoals:1 | Reached XP level 19. HP: 136/174 MP: 20/20
 41717 | Shoals:1 | Noticed Dickchan's ghost (adept GrFi)
 41727 | Shoals:1 | Killed Dickchan's ghost
 42424 | Shoals:2 | Reached skill level 10 in Dodging
 42988 | Shoals:3 | Noticed Roxanne
 43004 | Shoals:3 | Killed Roxanne
 43006 | Shoals:3 | Identified Roxanne's Grimoire of Shape Shifting (You took it off Roxanne on level 3 of the Shoals)
 43204 | Shoals:3 | Noticed Polyphemus
 43244 | Shoals:3 | Killed Polyphemus
 43522 | Shoals:3 | Received a gift from Okawaru
 43813 | Shoals:4 | Entered Level 4 of the Shoals
 43881 | Shoals:4 | Noticed DeXoteric's ghost (adept DECj)
 43894 | Shoals:4 | Killed DeXoteric's ghost
 44361 | Shoals:4 | Got a twisted buckler
 44374 | Shoals:4 | Identified the +0 buckler "Vathun" {Dex+2} (You found it on level 4 of the Shoals)
 44647 | Shoals:4 | Reached skill level 24 in Shields
 44830 | Shoals:4 | Got a barnacled rune of Zot
 44860 | Shoals:4 | Found Syidwomeell's Superlative Supplies.
 44873 | Shoals:4 | Noticed Ilsuiw
 44891 | Shoals:4 | Killed Ilsuiw
 44982 | Shoals:4 | Cast into the Abyss (merfolk impaler)
 45159 | Abyss:1  | Reached skill level 15 in Armour
 45691 | Abyss:1  | Reached XP level 20. HP: 68/185 MP: 21/21
 46118 | Abyss:1  | Found a corrupted altar of Lugonu.
 46125 | Abyss:1  | Got a shimmering scythe
 46215 | Abyss:1  | Received a gift from Okawaru
 46218 | Abyss:1  | Got a jewelled cloak {god gift}
 46229 | Abyss:1  | Identified the +2 cloak "Udweem" {rElec rN+ MP+9 Dex-4} (Okawaru gifted it to you on level 1 of the Abyss)
 46636 | Abyss:1  | Found a stormy altar of Qazlal.
 46644 | Shoals:4 | Escaped the Abyss
 47070 | Shoals:4 | Noticed Nikola
 47088 | Shoals:4 | Killed Nikola
 47092 | Shoals:4 | Identified the +5 scythe of Superiority {flame, rPois rF+ Int+2} (You found it on level 1 of the Abyss)
 47990 | Slime:1  | Entered Level 1 of the Pits of Slime
 48610 | Slime:3  | Received a gift from Okawaru
 48809 | Slime:1  | Gained mutation: You have an increased reservoir of magic (+10% MP). [a shining eye]
 48811 | Slime:1  | Gained mutation: Your spells are a little easier to cast, but a little less powerful. [a shining eye]
 48813 | Slime:1  | Gained mutation: Your spells are easier to cast, but less powerful. [a shining eye]
 48815 | Slime:1  | Lost mutation: You have an increased reservoir of magic (+10% MP). [a shining eye]
 48816 | Slime:1  | Gained mutation: You are clumsy. (Dex -2) [a shining eye]
 48874 | Slime:2  | Gained mutation: You tend to lose your temper in combat. [a shining eye]
 48883 | Slime:2  | Gained mutation: Your body sometimes deteriorates upon taking damage. [a shining eye]
 50750 | Slime:4  | Reached XP level 21. HP: 146/195 MP: 10/22
 50750 | Slime:4  | Gained mutation: Your magical capacity is low (-10% MP). [a shining eye]
 50759 | Slime:4  | Gained mutation: You are dopey. (Int -2) [a shining eye]
 50762 | Slime:4  | Gained mutation: Your magical capacity is very low (-20% MP). [a shining eye]
 50767 | Slime:4  | Gained mutation: You are weak. (Str -2) [a shining eye]
 51571 | Slime:3  | Received a gift from Okawaru
 52481 | Slime:3  | Got a pair of faintly glowing boots {god gift}
 52492 | Slime:3  | Identified the +0 pair of boots of Ketaarph {rCorr Dex+3} (Okawaru gifted it to you on level 3 of the Pits of Slime)
 52919 | Slime:6  | Entered Level 6 of the Pits of Slime
 53217 | Slime:6  | Gained mutation: Your magical capacity is extremely low (-30% MP). [a shining eye]
 53282 | Slime:6  | Gained mutation: Your body often deteriorates upon taking damage. [a shining eye]
 53936 | Slime:6  | Noticed the royal jelly
 53956 | Slime:6  | HP: 7/198 [acid blob[the royal jelly] (5)]
 53957 | Slime:6  | Splashed by an acid blob's acid

Action                   |  1- 3 |  4- 6 |  7- 9 | 10-12 | 13-15 | 16-18 | 19-21 || total
-------------------------+-------+-------+-------+-------+-------+-------+-------++-------
Melee: Long sword        |    98 |   148 |   551 |   692 |       |       |       ||  1489
       Scimitar          |       |       |       |   507 |    50 |   599 |       ||  1156
       Demon blade       |       |       |       |       |  1963 |   950 |  1574 ||  4487
Invok: Heroism           |       |       |     2 |     7 |     5 |     9 |     1 ||    24
Evoke: Wand              |       |       |       |       |     1 |       |       ||     1
  Use: Scroll            |       |       |     9 |    10 |    11 |    14 |     3 ||    47
       Potion            |       |       |     1 |     3 |     1 |     8 |     4 ||    17
 Stab: Confused          |       |       |       |     1 |       |       |       ||     1
       Distracted        |       |       |       |       |       |     1 |       ||     1
       Petrifying        |       |       |       |       |       |       |     2 ||     2
       Petrified         |       |       |       |       |       |       |     1 ||     1
       Held in net/web   |       |       |       |       |       |       |     1 ||     1
  Eat: Chunk             |     2 |     6 |    14 |    19 |    43 |    28 |    11 ||   123
       Royal jelly       |       |       |     1 |       |       |     4 |     1 ||     6
       Pizza             |       |       |       |     1 |     1 |     3 |       ||     5
       Beef jerky        |       |       |       |       |     3 |     7 |       ||    10
       Fruit             |       |       |       |       |       |     2 |     3 ||     5
       Meat ration       |       |       |       |       |       |       |     5 ||     5
